 Dungeon Crawl Stone Soup version 0.29.1-15-g9cfb28693d (webtiles) character file.

Game seed: 3340451579603066741

84 nightchill the Trooper (level 4, 0/29 HPs)
             Began as a Gargoyle Fighter on Apr 6, 2023.
             Slain by Sigmund
             ... wielding a +0 scythe
              (8 damage)
             ... on level 2 of the Dungeon.
             The game lasted 00:02:34 (1163 turns).

nightchill the Trooper (Gargoyle Fighter)           Turns: 1163, Time: 00:02:35

Health: 0/29       AC:  8    Str: 20    XL:     4   Next: 46%
Magic:  4/4        EV: 10    Int: 10    God:
Gold:   21         SH:  4    Dex:  9    Spells: 3/3 levels left

rFire   . . .      SeeInvis .   m - +0 morningstar (holy)
rCold   . . .      Faith    .   c - +0 buckler
rNeg    + . .      Spirit   .   n - +1 robe {Will+}
rPois   ∞          Reflect  .   i - +0 helmet
rElec   +          Harm     .   (no cloak)
rCorr   .          Rampage  .   (no gloves)
Will    +....                   (no boots)
Stlth   +.........              (no amulet)
HPRegen 0.09/turn               (no ring)
MPRegen 0.09/turn               (no ring)

@: mighty
A: sickness immunity, AC +3, negative energy resistance 1, electricity
resistance, torment resistance 1, petrification resistance
a: no special abilities


You were on level 2 of the Dungeon.
You visited 1 branch of the dungeon, and saw 2 of its levels.

You collected 113 gold pieces.
You spent 92 gold pieces at shops.

Inventory:

Hand Weapons
 a - a +0 flail
 m - a +0 morningstar of holy wrath (weapon)
Armour
 b - a +0 scale mail
 c - a +0 buckler (worn)
 i - a +0 helmet (worn)
 n - a +1 robe of willpower (worn)
Scrolls
 j - a scroll of identify {unknown}
 k - a scroll of blinking {unknown}
 l - a scroll of teleportation {unknown}
Potions
 e - 3 potions of magic {unknown}
 f - 2 potions of attraction {unknown}
 g - a potion of lignification {unknown}
 h - a potion of brilliance {unknown}


   Skills:
 + Level 4.2 Fighting
 * Level 3.9 Maces & Flails
 - Level 3.2 Armour
 - Level 3.2 Shields


You had 3 spell levels left.
You didn't know any spells.
Your spell library contained the following spells:

 Spells                   Type           Power      Damage    Failure   Level
 Apportation              Tloc           0%         N/A       45%         1
 Alistair's Intoxication  Tmut/Pois      0%         N/A       100%        5


Dungeon Overview and Level Annotations

Branches:
Dungeon (2/15)

Altars:

Shops:
D:1 (

Annotations:
D:2 Sigmund


Innate Abilities, Weirdness & Mutations

You are immune to sickness and miasma.
Your stone body is resilient. (AC +3)
You are immune to poison.
You resist negative energy. (rN+)
You are resistant to electric shocks. (rElec)
You are resistant to unholy torment.
You are immune to petrification.


Message History

a +0 short sword; 4 stones You start resting.
HP restored.
There is an open door here.
You now have 21 gold pieces (gained 17).
Sigmund the Dreaded comes into view.
He is wielding a +0 scythe and wearing a +0 robe of cold resistance.
Sigmund shouts!
You see here a scroll labelled YRGHEY OFAPISUJ.
The hobgoblin hits you. The hobgoblin attacks as you move away!
The hobgoblin closely misses you.
A bat comes into view.
There is an open door here.
The hobgoblin attacks as you move away! You block the hobgoblin's attack.
You feel very mighty all of a sudden. The hobgoblin barely misses you.
You hit the hobgoblin.
The hobgoblin is almost dead.
Sigmund mumbles some strange words.
Sigmund flickers and vanishes!
Deactivating autopickup; reactivate with Ctrl-A.
The hobgoblin hits you but does no damage.
You puncture the hobgoblin!
You kill the hobgoblin!
Something hits you!
You miss the bat. The bat hits you but does no damage.
The bat barely misses you.
You closely miss the bat. The bat closely misses you. Something hits you.
The bat hits you but does no damage. Something hits you but does no damage.
There is an open door here.
You see here a hobgoblin corpse.
You miss something. The bat closely misses you. Something hits you.
* * * LOW HITPOINT WARNING * * *
The bat closely misses you.
You closely miss something. The bat hits you but does no damage. x2
Something hits you but does no damage.
You puncture something! You block the bat's attack. Something hits you.
* * * LOW HITPOINT WARNING * * *
You miss something. The bat completely misses you.
The bat hits you but does no damage. x2; Something hits you!
You die...

#... ## ... +..# # #
###'### #..# # ##.#.....#
#..# # ##..#..[..# #..# #
#...'.?.?.+ #..# #
...#.....# ###..# ##
#.b{..# ##.#..# #.
###@### ##..#..####.
##.....###..†'.......
##.....###....#.....##
##.....###.....#.#.###
##.....###.....##...#
#..)..###.....###.#.#
#..####†#######'#####.#.#
#.....................#.#
##......................#


You could see a bat.

Vanquished Creatures
  Jessica (D:2)
  A gnoll (D:1)
  An adder (D:2)
  4 dart slugs
  2 endoplasms (D:1)
  2 giant cockroaches (D:1)
  A goblin (D:1)
  4 hobgoblins
  2 jackals (D:1)
  3 kobolds
  4 ball pythons (D:1)
  4 frilled lizards
  4 rats (D:1)
33 creatures vanquished.

Notes
Turn   | Place    | Note
-------+----------+-------------------------------------------
     0 | D:1      | nightchill the Gargoyle Fighter began the quest for the
                  | Orb.
     0 | D:1      | Reached XP level 1. HP: 14/14 MP: 1/1
    22 | D:1      | Found a faded altar of an unknown god.
    57 | D:1      | Found Usun Omurghu's Weapon Emporium.
   121 | D:1      | Reached XP level 2. HP: 13/19 MP: 2/2
   634 | D:1      | Reached XP level 3. HP: 24/24 MP: 3/3
   949 | D:1      | Bought a +0 morningstar of holy wrath for 92 gold pieces
   963 | D:2      | Noticed Jessica
   967 | D:2      | Killed Jessica
   968 | D:2      | Reached skill level 4 in Fighting
   968 | D:2      | Reached XP level 4. HP: 29/29 MP: 4/4
  1149 | D:2      | Noticed Sigmund
  1163 | D:2      | Slain by Sigmund

Illustrated notes

Levels and vault maps discovered:
D:1:      amcnicky_arrival_flooded_fountain, layout_basic,
          ebering_ecumenical_altar_ruins, serial_shops, shop_coins,
          nrook_loot_triangle, minmay_misc_feat_alley
D:2:      layout_rooms, minmay_misc_feat_room, minmay_quadrilaterals,
          uniq_sigmund, uniq_jessica

Skill      XL: |  1  2  3 |
---------------+----------+-----
Maces & Flails | 3 |  3.9
Fighting       | 4 |  4.2
Armour         | |  3.2
Shields        | |  3.2

Action                   |  1- 3 |  4- 6 || total
-------------------------+-------+-------++-------
Melee: Flail             |    75 |       ||    75
       Morningstar       |     1 |    39 ||    40
  Use: Potion            |       |     1 ||     1
Armor: Scale mail        |    44 |       ||    44
       Robe              |       |    23 ||    23
Dodge: Dodged            |    44 |    25 ||    69
Block: Buckler           |    27 |     5 ||    32
